 Dungeon Crawl Stone Soup version 0.21-a0-504-g2eda330 (webtiles) character file.

10 4thArraOfDagon the Firebug (level 2, 0/15 HPs)
             Began as a Deep Elf Fire Elementalist on Nov 26, 2017.
             Slain by a quokka (4 damage)
             ... on level 3 of the Dungeon.
             The game lasted 00:00:57 (178 turns).

4thArraOfDagon the Firebug (DEFE)                    Turns: 178, Time: 00:00:57

Health: 0/15       AC:  2    Str:  3 (5)  XL:     2   Next: 10%
Magic:  0/8        EV: 12    Int: 16 (19) God:
Gold:   3          SH:  0    Dex: 12 (15) Spells: 6/7 levels left

rFire    . . .     SeeInvis .   e - +4 short sword
rCold    . . .     Gourm    .   (no shield)
rNeg     . . .     Faith    .   a - +0 robe
rPois    .         Spirit   .   (no helmet)
rElec    .         Reflect  .   (no cloak)
rCorr    .         Harm     .   (no gloves)
MR       .....                  (no boots)
Stlth    ++........             (no amulet)
HPRegen  0.05/turn              (no ring)
MPRegen  0.11/turn              (no ring)

@: very slightly contaminated
A: no striking features
a: no special abilities


You were on level 3 of the Dungeon.
You were not hungry.

You visited 1 branch of the dungeon, and saw 3 of its levels.

You collected 3 gold pieces.

Inventory:

Hand Weapons
 e - a +4 short sword (weapon)
Armour
 a - a +0 robe (worn)
Scrolls
 f - 2 scrolls of enchant weapon {unknown}
Books
 b - a book of Flames

   Spells                             Type                      Level
   a - Flame Tongue                   Conjuration/Fire             1
   b - Throw Flame                    Conjuration/Fire             2
   c - Conjure Flame                  Conjuration/Fire             3
   d - Inner Flame                    Hexes/Fire                   3
   e - Sticky Flame                   Conjuration/Fire             4
   f - Fireball                       Conjuration/Fire             5
Comestibles
 c - 2 bread rations


   Skills:
 - Level 2.4 Dodging
 - Level 2.4 Stealth
 + Level 3.2 Spellcasting
 * Level 1.7 Conjurations
 * Level 3.6 Fire Magic


You had 6 spell levels left.
You knew the following spells:

 Your Spells              Type           Power        Failure   Level  Hunger
a - Flame Tongue          Conj/Fire      ##...        6%          1    None


Dungeon Overview and Level Annotations

Branches:
Dungeon (3/15)

Altars:
Ashenzari

Annotations:
D:1 1 exclusion


Message History

Casting: Flame Tongue
Confirm with . or Enter, or press ? or * to list all spells.
Aiming: Flame Tongue
Press: ? - help, Shift-Dir - straight line, f - quokka
Aim: a quokka You miscast Flame Tongue.
Nothing appears to happen.
Casting: Flame Tongue
Confirm with . or Enter, or press ? or * to list all spells.
Aiming: Flame Tongue
Press: ? - help, Shift-Dir - straight line, f/p - quokka
Aim: a quokka The flame tongue hits the quokka.
The quokka is heavily wounded.
The quokka bites you. x2
* * * LOW HITPOINT WARNING * * *
It was a potion of degeneration.
There was something very wrong with that liquid.
You feel weakened.
You feel dopey.
You feel clumsy. The quokka bites you.
You die...

#######.#.# #†# .##8
#.#.# #)# ....
#...#####.#
#..###.....#...##
...( ##.........#
##..## ###.......#
....#####.......#
###r.###.##.......#
#..@..##......†...#
###..#####........#
#_....# ##.......#
##8..8## #..[....#
####...#.#####..#####
..........†.......#
######.......######
....####### ######


You could see a quokka.

Vanquished Creatures
  A dart slug (D:3)
  A goblin (D:1)
  2 hobgoblins (D:3)
  3 bats
  2 kobolds
9 creatures vanquished.

Notes
Turn   | Place    | Note
-------+----------+-------------------------------------------
     0 | D:1      | 4thArraOfDagon the Deep Elf Fire Elementalist began the quest for the Orb.
     0 | D:1      | Reached XP level 1. HP: 10/10 MP: 6/6
    99 | D:3      | ReniFell: lucky find
   167 | D:3      | Reached XP level 2. HP: 7/15 MP: 0/8
   169 | D:3      | Found a shattered altar of Ashenzari.
   178 | D:3      | Slain by a quokka

Vault maps used:
D:1:      dpeg_arrival_chambers_temple_mockup, minmay_unequal
D:2:      okawaru_trees_2
D:3:      minitemple

Action                   || total
-------------------------++-------
Melee: Short sword       ||     9
 Cast: Flame Tongue      ||    11
  Use: Potion            ||     1
 Stab: Sleeping          ||     1
Armor: Robe              ||     3
Dodge: Dodged            ||     7

Table legend:
 A = Spawn XP
 B = Non-spawn XP
 C = Spawn XP percentage of total XP
 D = Spawn monster count
 E = Non-spawn monster count
 F = Spawn count percentage of total count
 G = Total turns spent on level
                    A         B        C        D         E        F      G
               +---------+---------+-------+---------+---------+-------+---------
         Total |       0 |      15 |   0.0 |       0 |       9 |   0.0 |   178
               +---------+---------+-------+---------+---------+-------+---------
           D:1 |       0 |       3 |   0.0 |       0 |       2 |   0.0 |    87
           D:2 |       0 |       1 |   0.0 |       0 |       1 |   0.0 |    11
           D:3 |       0 |      11 |   0.0 |       0 |       6 |   0.0 |    80
               +---------+---------+-------+---------+---------+-------+---------
